 Dungeon Crawl Stone Soup version 0.19.5 (webtiles) character file.

701 Inarius the Covered (level 7, -1/60 HPs)
             Began as a Minotaur Fighter on Apr 10, 2017.
             Was an Initiate of Ashenzari.
             Slain by a killer bee (2 damage)
             ... on level 5 of the Dungeon.
             The game lasted 00:27:18 (3400 turns).

Inarius the Covered (Minotaur Fighter)              Turns: 3400, Time: 00:27:19

Health: -1/60      AC: 16    Str: 21    XL:     7   Next: 38%
Magic:  6/6        EV:  5    Int:  6    God:    Ashenzari [......]
Gold:   42         SH: 14    Dex: 10    Spells: 0 memorised, 6 levels left

rFire  + . .     SeeInvis .     a - +1 war axe (curse)
rCold  x . .     Gourm    .     k - +0 plate armour (curse)
rNeg   . . .     Faith    .     c - +0 shield (curse)
rPois  .         Spirit   .     (helmet restricted)
rElec  .         Reflect  +     F - +2 cloak
rCorr  .         Harm     .     (no gloves)
MR     .....                    (no boots)
Stlth  ..........               m - +4 amulet of reflection
                                (no ring)
                                o - ring of fire

@: very slightly contaminated
A: retaliatory headbutt, horns 2
a: Curse Item, Renounce Religion


You were on level 5 of the Dungeon.
You worshipped Ashenzari.
Ashenzari was noncommittal.
You were not hungry.

You visited 2 branches of the dungeon, and saw 6 of its levels.

You collected 120 gold pieces.
You spent 78 gold pieces at shops.

Inventory:

Hand Weapons
 a - a cursed +1 war axe (weapon)
Missiles
 C - a javelin (quivered)
Armour
 c - a cursed +0 shield (worn)
 k - a cursed +0 plate armour (worn)
 s - a +0 chain mail of poison resistance
 F - a +2 cloak (worn)
Jewellery
 m - a +4 amulet of reflection (around neck)
 o - a ring of fire (left hand)
Wands
 H - a wand of digging (19/24)
Scrolls
 b - 2 scrolls of enchant weapon
 g - 3 scrolls of immolation {unknown}
 j - a scroll of enchant armour {unknown}
 l - a scroll of noise {unknown}
 n - 3 scrolls of fear {unknown}
 r - a scroll of fog {unknown}
 u - 2 scrolls of amnesia {unknown}
 v - 2 scrolls of teleportation {unknown}
 y - a scroll of remove curse
 D - a scroll of identify
 E - 2 scrolls of magic mapping {unknown}
 I - a scroll of recharging {unknown}
Potions
 d - a potion of brilliance {unknown}
 e - a potion of magic {unknown}
 h - 2 potions of lignification {unknown}
 i - 3 potions of heal wounds {unknown}
 p - 2 potions of flight
 t - 2 potions of resistance {unknown}
 w - 2 potions of mutation {unknown}
 z - a potion of invisibility
 A - a potion of agility {unknown}
 B - a potion of degeneration {unknown}
 J - a potion of haste {unknown}
 K - a potion of ambrosia {unknown}
Comestibles
 f - a bread ration
 q - a meat ration
 x - 2 beef jerkies


   Skills:
 + Level 4.9 Fighting
 + Level 6.0 Axes
 + Level 1.0 Throwing
 + Level 6.1 Armour
 + Level 1.2 Dodging
 + Level 1.0 Stealth
 + Level 5.7 Shields


You had 6 spell levels left.
You didn't know any spells.

Dungeon Overview and Level Annotations

Branches:
Dungeon (5/15)             Temple (1/1) D:4

Altars:
Ashenzari
Cheibriados
Elyvilon
Gozag
Kikubaaqudgha
Nemelex Xobeh
Okawaru
Qazlal
Sif Muna
Trog
Uskayaw
Vehumet
Xom
Zin
The Shining One

Shops:
D:5 !

Annotations:
D:2 1 runed door
D:4 Sigmund


Innate Abilities, Weirdness & Mutations

You reflexively headbutt those who attack you in melee.
You have a pair of horns on your head.


Message History

You feel sick. The killer bee stings you.
* * * LOW HITPOINT WARNING * * *
You block the killer bee's attack. You block the killer bee's attack.
You flicker for a moment.
You block the killer bee's attack.
You feel sick. You block the killer bee's attack.
The killer bee stings you but does no damage.
The killer bee barely misses you. You furiously retaliate!
You headbutt the killer bee. You block the killer bee's attack.
You feel sick. You block the killer bee's attack.
You flicker back into view.
You block the killer bee's attack. You block the killer bee's attack.
You block the killer bee's attack. x2
You feel sick.
You are no longer poisoned.
The killer bee stings you.
You die...

##.....##.........#
#....[..'.........+
##...####.........#
#..## ##.......## #.##
##..>..## #.# ##...##
#.# ##+## #.# #.# #.#
#@# #.# ##y####### #.#
##.y....... #.#
#.....#####.#
#.#########...##......
#................#
############..####
#..######. #.∩.......


You could see 2 killer bees.

Vanquished Creatures
  The ghost of ozymandias the Covered, an amateur MiFi (D:4)
  A hungry ghost (D:4)
  The ghost of devil0150 the Magician, an amateur HEWz (D:3)
  3 killer bees (D:5)
  A hound (D:4)
  2 worker ants (D:4)
  A hound skeleton (D:5)
  A mummy (D:4)
  9 adders
  An adder zombie (D:5)
  2 worms
  2 dart slugs (D:1)
  2 orcs
  2 giant cockroaches
  7 hobgoblins
  4 jackals (D:4)
  7 ball pythons (D:3)
  4 bats
  4 frilled lizards
  7 goblins
  7 kobolds
  3 rats
72 creatures vanquished.

Vanquished Creatures (others)
  A wizard (D:4)
  A goblin (D:1)
2 creatures vanquished.

Grand Total: 74 creatures vanquished

Notes
Turn   | Place    | Note
-------+----------+-------------------------------------------
     0 | D:1      | Inarius the Minotaur Fighter began the quest for the Orb.
     0 | D:1      | Reached XP level 1. HP: 19/19 MP: 0/0
   141 | D:1      | Reached XP level 2. HP: 27/27 MP: 1/1
   610 | D:2      | Reached XP level 3. HP: 16/33 MP: 2/2
   791 | D:2      | Found a radiant altar of Vehumet.
  1051 | D:2      | Found a runed door.
  1416 | D:3      | Reached XP level 4. HP: 40/40 MP: 3/3
  1653 | D:3      | Reached XP level 5. HP: 43/46 MP: 4/4
  1767 | D:3      | Noticed devil0150's ghost (amateur HEWz)
  1782 | D:3      | Killed devil0150's ghost
  1782 | D:3      | Reached skill level 5 in Armour
  1782 | D:3      | Reached skill level 5 in Shields
  2016 | D:4      | Noticed Sigmund
  2078 | D:4      | Noticed ozymandias's ghost (amateur MiFi)
  2093 | D:4      | Killed ozymandias's ghost
  2093 | D:4      | Reached skill level 5 in Axes
  2093 | D:4      | Reached XP level 6. HP: 19/53 MP: 1/5
  2221 | D:4      | Found an iron altar of Okawaru.
  2245 | D:4      | Found a bloodstained altar of Trog.
  2246 | D:4      | Noticed a wizard
  2252 | D:4      | Killed a wizard
  2597 | D:4      | Noticed a hungry ghost
  2615 | D:4      | Killed a hungry ghost
  2615 | D:4      | Reached skill level 1 in Throwing
  2615 | D:4      | Reached XP level 7. HP: 60/60 MP: 6/6
  2722 | D:4      | Reached skill level 1 in Dodging
  2915 | D:4      | Found a staircase to the Ecumenical Temple.
  2926 | Temple   | Entered the Ecumenical Temple
  2944 | Temple   | Became a worshipper of Ashenzari the Shackled
  3221 | D:5      | Entered Level 5 of the Dungeon
  3243 | D:5      | Found Ydaph's Distillery.
  3249 | D:5      | Bought a potion of curing for 39 gold pieces
  3249 | D:5      | Bought a potion of curing for 39 gold pieces
  3272 | D:5      | Reached skill level 1 in Stealth
  3277 | D:5      | Identified the +1 leather armour "Yhuy" {MP+9}
  3388 | D:5      | HP: 2/60 [killer bee (6)]
  3396 | D:5      | HP: 2/60 [poisoned by a killer bee]
  3400 | D:5      | Slain by a killer bee

Skill      XL: |  1  2  3  4  5  6  7 |
---------------+----------------------+-----
Armour         | 4 5 6 |  6.1
Fighting       | 4 |  4.9
Shields        | 4 5 |  5.7
Axes           | 3 5 6 |  6.0
Throwing       | 1 |  1.0
Dodging        | 1 |  1.2
Stealth        | 1 |  1.0

Action                   |  1- 3 |  4- 6 |  7- 9 || total
-------------------------+-------+-------+-------++-------
Melee: War axe           |    80 |    94 |    64 ||   238
       Headbutt          |     9 |    14 |     6 ||    29
Throw: Javelin           |    14 |     2 |       ||    16
Invok: Curse Item        |       |       |     3 ||     3
  Use: Scroll            |     5 |       |       ||     5
       Potion            |       |     1 |     3 ||     4
  Eat: Chunk             |     2 |     3 |     2 ||     7
       Bread ration      |       |     1 |     1 ||     2
Armor: Scale mail        |     1 |       |       ||     1
       Plate armour      |    30 |       |    43 ||    73
       Chain mail        |     6 |    59 |     2 ||    67
Dodge: Dodged            |     6 |    14 |    19 ||    39
Block: Shield            |    77 |    63 |    93 ||   233
       Reflection        |     8 |     1 |       ||     9
